 Dungeon Crawl Stone Soup version 0.32-a0-673-g3729bd5 (webtiles) character file.

Game seed: 16998369027571466418

1095054 Avenger the Invulnerable (level 27, -9/273 HPs)
             Began as a Minotaur Fighter on Mar 10, 2024.
             Was a High Priest of the Shining One.
             Mangled by an iron golem (22 damage)
             ... led by an iron giant
             ... on level 4 of the Iron City of Dis.
             The game lasted 03:06:49 (91611 turns).

Avenger the Invulnerable (Minotaur Fighter)        Turns: 91611, Time: 03:06:49

Health: -9/273     AC: 36    Str: 43    XL:     27
Magic:  15/57      EV: 15    Int: 13    God:    the Shining One [*****.]
Gold:   9408       SH: 39    Dex:  8    Spells: 26/26 levels left

rFire   + + +        a - +9 broad axe (spect)
rCold   + + +        L - +2 tower shield {reflect}
rNeg    + + +        C - +12 gold dragon scales
rPois   +            H - -2 hat of the Alchemist {rElec rPois rF+ rC+ rN+ Will+ rMut rCorr}
rElec   +            X - scarf {rC+ rF+}
rCorr   +            T - +1 pair of gloves "Ecyjim" {rElec rPois Will+ Str+2}
SInv    .            I - +2 pair of boots {Fly}
Will    +++++        Q - amulet "Dorof" {Will+ Regen+ Int+6} Stlth
                     G - ring "Arae" {rElec rF+ MP+9 Str+4}
HPRegen 1.45/turn    n - ring "Fomuza" {rN+++ Will+ MP+9 Int+3 Dex-3}
MPRegen 0.35/turn

%: reflection, resist mutation
@: divinely shielded, flying, glowing, studying Necromancy, corroded
A: horns 2, retaliatory headbutt, strong 1
}: 11/15 runes: decaying, slimy, silver, bone, abyssal, demonic, glowing,
magical, fiery, dark, gossamer
a: Renounce Religion, Divine Shield, Cleansing Flame, Summon Divine Warrior


You were on level 4 of the Iron City of Dis.
You worshipped the Shining One.
The Shining One was extremely pleased with you.
You visited 14 branches of the dungeon, and saw 67 of its levels.
You visited Pandemonium 1 time, and saw 16 of its levels.
You visited the Abyss 2 times.
You also visited: Sewer, Bailey and Ice Cave.

You collected 14118 gold pieces.
You spent 4710 gold pieces at shops.

Inventory:

Hand Weapons
 a - a +9 spectral broad axe (weapon)
 b - a +9 broad axe of holy wrath
 k - the +1 longbow of Ru's Esteem {heavy, rN+ Stlth+}
   (You found it on level 7 of Tartarus)

   rN+:       It protects you from negative energy.
   Stlth+:    It makes you more stealthy.
Missiles
 B - 29 javelins (quivered)
 D - 2 throwing nets
 S - 8 silver javelins
Armour
 C - +12 gold dragon scales (worn)
 H - the -2 hat of the Alchemist (worn) {rElec rPois rF+ rC+ rN+ Will+ rMut rCorr}
   (You found it on level 5 of the Pits of Slime)

   rF+:       It protects you from fire.
   rC+:       It protects you from cold.
   rElec:     It insulates you from electricity.
   rPois:     It protects you from poison.
   rN+:       It protects you from negative energy.
   Will+:     It increases your willpower.
   rCorr:     It protects you from acid and corrosion.
   rMut:      It protects you from mutation.
 I - a +2 pair of boots of flying (worn)
 L - a +2 tower shield of reflection (worn)
 T - the +1 pair of gloves "Ecyjim" (worn) {rElec rPois Will+ Str+2}
   (Okawaru gifted it to you on level 1 of the Orcish Mines)

   Str+2:     It affects your strength (+2).
   rElec:     It insulates you from electricity.
   rPois:     It protects you from poison.
   Will+:     It increases your willpower.
 X - a scarf of resistance (worn)
Jewellery
 g - the ring "Umu Ag Qou" {rN+ SInv}
   (You found it on level 7 of Tartarus)

   [ring of see invisible]

   rN+:       It protects you from negative energy.
   SInv:      It lets you see invisible.
 i - the ring "Addik" {rElec rF+ Will+ Dex+3}
   (You found it on level 7 of Tartarus)

   [ring of protection from fire]

   Dex+3:     It affects your dexterity (+3).
   rF+:       It protects you from fire.
   rElec:     It insulates you from electricity.
   Will+:     It increases your willpower.
 n - the ring "Fomuza" (right hand) {rN+++ Will+ MP+9 Int+3 Dex-3}
   (You found it on level 1 of the Depths)

   [ring of willpower]

   Int+3:     It affects your intelligence (+3).
   Dex-3:     It affects your dexterity (-3).
   rN+++:     It renders you almost immune to negative energy.
   Will+:     It increases your willpower.
   MP+9:      It affects your magic capacity (+9).
 G - the ring "Arae" (left hand) {rElec rF+ MP+9 Str+4}
   (You found it on level 5 of the Pits of Slime)

   [ring of magical power]

   Str+4:     It affects your strength (+4).
   rF+:       It protects you from fire.
   rElec:     It insulates you from electricity.
   MP+9:      It affects your magic capacity (+9).
 Q - the amulet "Dorof" (around neck) {Will+ Regen+ Int+6}
   (You acquired it on level 12 of the Dungeon)

   [amulet of regeneration]

   Int+6:     It affects your intelligence (+6).
   Will+:     It increases your willpower.
   Regen+:    It increases your rate of health regeneration.
Wands
 c - a wand of light (12)
Scrolls
 e - 3 scrolls of brand weapon
 f - 10 scrolls of fear
 j - 7 scrolls of revelation
 l - 10 scrolls of fog
 m - 7 scrolls of teleportation
 p - 3 scrolls of enchant weapon
 r - 4 scrolls of enchant armour
 v - 5 scrolls of immolation
 y - 15 scrolls of amnesia
 A - 10 scrolls of poison
 F - a scroll of blinking
 K - 2 scrolls of silence
Potions
 d - 6 potions of might
 h - 11 potions of curing
 o - 8 potions of haste
 q - 9 potions of mutation
 s - 4 potions of attraction
 t - 9 potions of lignification
 w - 13 potions of brilliance
 x - 5 potions of cancellation
 z - 3 potions of resistance
 M - a potion of berserk rage
 P - 5 potions of enlightenment
 V - 4 potions of ambrosia
 Y - 6 potions of magic


   Skills:
 O Level 27 Fighting
 O Level 27 Axes
 O Level 27 Throwing
 O Level 27 Armour
 O Level 27 Dodging
 + Level 22.6 Shields
 O Level 27 Invocations
 - Level 16.2 Evocations


You had 26 spell levels left.
You didn't know any spells.
Your spell library contained the following spells:

 Spells                   Type           Power      Damage    Failure   Level
 Apportation              Tloc           0%         N/A       77%         1
 Foxfire                  Conj/Fire      0%         2x1d4     77%         1
 Kiss of Death            Conj/Necr      0%         2d5       77%         1
 Magic Dart               Conj           0%         1d3       77%         1
 Necrotise                Necr           0%         1d4       77%         1
 Sting                    Conj/Alch      0%         1d3       77%         1
 Summon Small Mammal      Summ           0%         N/A       77%         1
 Blink                    Tloc           0%         N/A       88%         2
 Call Imp                 Summ           0%         N/A       88%         2
 Cigotuvi's Dreadful Rot  Necr/Alch/Air  0%         N/A       88%         2
 Ensorcelled Hibernation  Hex/Ice        0%         N/A       88%         2
 Jinxbite                 Hex            0%         N/A       88%         2
 Lesser Beckoning         Tloc           0%         N/A       88%         2
 Mercury Vapours          Alch/Air       0%         N/A       88%         2
 Momentum Strike          Conj/Tloc      0%         3d8       88%         2
 Scorch                   Fire           0%         2d5       88%         2
 Searing Ray              Conj           0%         2d4       88%         2
 Static Discharge         Conj/Air       0%         3-3/arc   88%         2
 Sublimation of Blood     Necr           0%         N/A       88%         2
 Call Canine Familiar     Summ           0%         N/A       98%         3
 Confusing Touch          Hex            0%         N/A       98%         3
 Dazzling Flash           Conj/Hex       0%         N/A       98%         3
 Fugue of the Fallen      Necr           0%         N/A       98%         3
 Gell's Gravitas          Tloc           0%         N/A       98%         3
 Hailstorm                Conj/Ice       0%         3d5       98%         3
 Ozocubu's Armour         Ice            0%         N/A       98%         3
 Passwall                 Erth           0%         N/A       98%         3
 Stone Arrow              Conj/Erth      0%         3d7       98%         3
 Summon Ice Beast         Ice/Summ       0%         N/A       98%         3
 Teleport Other           Tloc           0%         N/A       98%         3
 Tukima's Dance           Hex            0%         N/A       98%         3
 Vampiric Draining        Necr           0%         2d6       98%         3
 Volatile Blastmotes      Fire/Tloc      0%         2d10      98%         3
 Anguish                  Hex/Necr       0%         N/A       100%        4
 Animate Armour           Summ/Erth      0%         N/A       100%        4
 Animate Dead             Necr           0%         N/A       100%        4
 Brom's Barrelling Bould  Conj/Erth      0%         2d3       100%        4
 Cause Fear               Hex            0%         N/A       100%        4
 Dimensional Bullseye     Hex/Tloc       0%         N/A       100%        4
 Dispel Undead            Necr           0%         3d6       100%        4
 Flame Wave               Conj/Fire      0%         2d4       100%        4
 Fulminant Prism          Conj/Alch      0%         3d5       100%        4
 Ignite Poison            Fire/Alch      0%         N/A       100%        4
 Iskenderun's Mystic Bla  Conj/Tloc      0%         2d3       100%        4
 Leda's Liquefaction      Alch/Erth      0%         N/A       100%        4
 Manifold Assault         Tloc           0%         N/A       100%        4
 Martyr's Knell           Necr/Summ      0%         N/A       100%        4
 Olgreb's Toxic Radiance  Alch           0%         N/A       100%        4
 Passage of Golubria      Tloc           0%         N/A       100%        4
 Petrify                  Alch/Erth      0%         N/A       100%        4
 Sticky Flame             Fire/Alch      0%         2d4       100%        4
 Summon Lightning Spire   Summ/Air       0%         N/A       100%        4
 Alistair's Intoxication  Alch           0%         N/A       100%        5
 Borgnjor's Vile Clutch   Necr/Erth      0%         N/A       100%        5
 Curse of Agony           Necr           0%         N/A       100%        5
 Fireball                 Conj/Fire      0%         3d3       100%        5
 Irradiate                Conj/Alch      0%         3d11      100%        5
 Iskenderun's Battlesphe  Conj           0%         2d6       100%        5
 Lee's Rapid Deconstruct  Erth           0%         3d4*      100%        5
 Metabolic Englaciation   Hex/Ice        0%         N/A       100%        5
 Silence                  Hex/Air        0%         N/A       100%        5
 Yara's Violent Unravell  Hex/Alch       0%         3d3       100%        5
 Bombard                  Conj/Erth      0%         9d1       100%        6
 Conjure Ball Lightning   Conj/Air       0%         3x3d6     100%        6
 Death Channel            Necr           0%         N/A       100%        6
 Eringya's Noxious Bog    Alch           0%         4d6       100%        6
 Plasma Beam              Fire/Air       0%         2x1d10    100%        6
 Sculpt Simulacrum        Ice/Alch       0%         N/A       100%        6
 Starburst                Conj/Fire      0%         6d3       100%        6
 Summon Cactus Giant      Summ           0%         N/A       100%        6
 Enfeeble                 Hex            0%         N/A       100%        7
 Haunt                    Necr/Summ      0%         N/A       100%        7
 Orb of Destruction       Conj           0%         9d5       100%        7
 Borgnjor's Revivificati  Necr           0%         N/A       100%        8
 Discord                  Hex            0%         N/A       100%        8
 Disjunction              Tloc           0%         N/A       100%        8
 Ignition                 Fire           0%         3d3       100%        8
 Lehudib's Crystal Spear  Conj/Erth      0%         10d2      100%        8
 Maxwell's Capacitive Co  Air            0%         ∞         100%        8
 Death's Door             Necr           0%         N/A       100%        9
 Dragon's Call            Summ           0%         N/A       100%        9


Dungeon Overview and Level Annotations

Branches:
Dungeon (15/15) Zot: 21287  Temple (0/1) D:6            Lair (5/5) D:10 Zot: 24253
  Swamp (4/4) Lair:2 Zot: 20317  Spider (4/4) Lair:2 Zot: 19612   Slime (5/5) Lair:4 Zot: 25968
    Orc (2/2) D:12 Zot: 9892     Elf (3/3) Orc:2 Zot: 13776  Vaults (5/5) D:13 Zot: 19822
  Crypt (3/3) Vaults:2 Zot: 15376    Tomb (0/3) Crypt:3      Depths (4/4) D:15 Zot: 18086
   Hell (visited)             Dis (4/7) Hell Zot: 26893     Geh (0/7) Hell
    Coc (0/7) Hell            Tar (7/7) Hell Zot: 26893     Zot (5/5) Depths:4 Zot: 21448
  Sewer (visited)          Bailey (visited)           IceCv (visited)

Altars:
Ashenzari
Dithmenos
Elyvilon
Fedhas
Hepliaklqana
Kikubaaqudgha
Makhleb
Nemelex Xobeh
Okawaru
Qazlal
Ru
Sif Muna
Trog
Uskayaw
Wu Jian
Yredelemnul
Zin
The Shining One
Beogh
Ignis
Lugonu

Shops:
Orc:1 [   Orc:2 (?=*   Elf:2 *   Elf:3 =   Depths:1 [   Depths:4 *(

Portals:
Hell: Depths:1 Depths:2 Depths:3 Depths:4
Abyss: Depths:1 Depths:3
Pandemonium: Orc:2 Depths:2
Ziggurat: Depths:2


Innate Abilities, Weirdness & Mutations

You have a pair of horns on your head.
You reflexively headbutt those who attack you in melee.
Your muscles are strong. (Str +4, Int/Dex -1)


Message History

Activating: Cleansing Flame (0% risk of failure)
Press: ? - help, Dir - look around, f - activate The golden flame engulfs you but does no damage.
The golden flame engulfs the iron golem!!!
The iron golem is moderately damaged.
The golden flame engulfs the quicksilver elemental!!!
The quicksilver elemental is severely damaged.
You block the iron golem's attack. x2
The quicksilver elemental breathes dispelling energy at you.
The bolt of dispelling energy misses you.
You lose 5MP, and have [19/57] MP Activating: Cleansing Flame (0% risk of failure)
Press: ? - help, Dir - look around, f - activate The golden flame engulfs you but does no damage.
The golden flame engulfs the iron golem!!
The iron golem is moderately damaged.
The golden flame engulfs the quicksilver elemental!!!
You destroy the quicksilver elemental!
You block the iron golem's attack. x2
You gain 2 hp, and have [31/273] hp.
You lose 5MP, and have [14/57] MP
Okay, then.
Unknown command.
You slice the iron golem!!
The iron golem is heavily damaged.
Your +9 spectral broad axe hits the iron golem!
Unknown command.
You slice the iron golem!!
The iron golem is heavily damaged.
Your +9 spectral broad axe hits the iron golem!
The iron golem hits you!!
* * * LOW HITPOINT WARNING * * *
You block the iron golem's attack.
You take 20 HP, and have [12/273] HP Unknown command.
You open the iron golem like a pillowcase!!!
The iron golem is severely damaged.
Your +9 spectral broad axe hits the iron golem!
The iron golem hits you!!
You die...

#.........9()..9..
#....(9###########
#......## ###
#........ .#...
#.......# .9.#.
#.§...... #...
#§§§..... #..
#9(§....# ###.
#@§§...... #...
#§§§§..#.# ##.#
#..§...#.# #
#........ #...
#.......## ###.
#........## #..
#.........# #...
#.......# '.#.
#.........# #...


You could see an iron golem and a friendly +9 spectral broad axe.

Vanquished Creatures
  Cerebov (Pan)
  the Royal Jelly (Slime:5)
  Mnoleg (Pan)
  the Serpent of Hell (Tar:7)
  Ereshkigal (Tar:7)
  Lom Lobon (Pan)
  13 dread liches
  8 orbs of fire
  8 ancient liches
  Mennas (Pan)
  4 pandemonium lords (Pan)
  Xtahua (Vaults:3)
  Vv (Arena)
  Sojobo (Crypt:2)
  Bai Suzhen (Crypt:3)
  4 Killer Klowns
  Boris (Depths:3)
  3 curse toes
  Saint Roka (Orc:2)
  18 caustic shrikes
  Norris (Depths:3)
  13 golden dragons
  Nikola (Spider:1)
  Geryon (Hell)
  32 bone dragons
  Jory (Vaults:4)
  the Enchantress (Depths:1)
  26 profane servitors
  Arachne (Spider:2)
  An iron giant (Dis:4)
  9 doom hounds
  18 Tzitzimimeh
  A hellephant (Pan)
  7 Brimstone Fiends (Pan)
  An iron giant (shapeshifter) (Zot:2)
  26 tainted leviathans
  19 tentacled monstrosities
  A shard shrike zombie (Abyss:3)
  A spectral shard shrike (Tar:5)
  9 Hell Sentinels
  3 electric golems
  The ghost of Qacefab the Warrior, an adept MiFi of Gozag (Depths:1)
  25 Orb Guardians (Zot:5)
  5 Ice Fiends (Pan)
  Jorgrun (Orc:2)
  Rupert (D:13)
  15 liches
  7 quicksilver dragons
  7 deep elf blademasters
  10 titans
  2 titans (shapeshifter) (Zot:2)
  A walking frostbound tome (Depths:2)
  18 acid blobs
  6 deep elf master archers
  8 sphinxes
  A caustic shrike (shapeshifter) (Zot:2)
  A thorn hunter (Swamp:2)
  15 ancient champions
  14 Executioners (Pan)
  17 storm dragons
  9 tengu reavers
  Roxanne (Swamp:3)
  11 shadow dragons
  7 death cobs
  18 tentacled starspawn
  The ghost of Yjerus the Bludgeoner, an adept MiAK of Lugonu (D:15)
  9 protean progenitors
  3 revenants
  6 daevas
  An acid blob (shapeshifter) (Zot:2)
  8 demonspawn warmongers (Pan)
  3 fenstrider witches
  12 draconian monks
  8 rockslimes
  Donald (Orc:2)
  11 azure jellies
  8 deep elf sorcerers
  19 draconian scorchers
  20 fire giants
  3 spectral juggernauts
  27 vault wardens
  14 draconian knights
  27 frost giants
  17 balrugs (Pan)
  7 draconian shifters
  2 emperor scorpions
  6 quicksilver elementals
  6 iron dragons
  3 curse skulls
  3 ghouls
  7 ghost moths
  25 reapers
  6 deep elf elementalists (Elf:3)
  A spectral caustic shrike (Crypt:3)
  A juggernaut zombie (Hell)
  A caustic shrike zombie (Hell)
  An orc warlord (Vaults:3)
  2 angels
  6 draconian stormcallers
  9 demonspawn corrupters (Pan)
  5 demonspawn blood saints (Pan)
  A rockslime zombie (Crypt:1)
  19 ironbound preservers
  7 ironbound thunderhulks
  23 cacodemons
  16 stone giants
  20 very ugly things
  11 quicksilver oozes
  2 formless jellyfish
  3 broodmothers
  8 draconian annihilators
  6 demonspawn black suns (Pan)
  4 spriggan defenders
  A very ugly thing (shapeshifter) (Zot:2)
  20 green draconians
  13 vampire knights
  The ghost of kasel the Bludgeoner, a journeyman OnGl of Gozag (D:12)
  A caustic shrike skeleton (Pan)
  4 juggernaut skeletons
  8 deep elf demonologists
  Nessos (Arena)
  10 dire elephants
  7 deep elf death magi
  6 eleionomae
  7 bunyips
  20 white draconians
  2 spectral titans
  19 purple draconians
  27 putrid mouths
  3 spark wasps
  9 deep elf annihilators
  21 red draconians
  12 war gargoyles
  14 yellow draconians
  14 black draconians
  7 lorocyprocas
  Azrael (Arena)
  8 green deaths
  11 ettins
  16 blizzard demons
  5 eidola
  33 jiangshi
  Snorg (Orc:2)
  4 iron golems
  A crystal guardian (Vaults:2)
  7 fire dragons
  A salamander tyrant (Depths:4)
  2 spectral golden dragons (Depths:1)
  A spectral kraken (Tar:7)
  An entropy weaver (Vaults:1)
  19 yaktaur captains
  3 spectral spriggans
  9 deep elf high priests
  3 hell beasts
  16 great orbs of eyes
  A spectral shadow dragon (Depths:1)
  5 spriggan zombies
  A spectral tengu (Depths:1)
  6 rakshasas
  4 spriggan air magi
  19 ironbound frosthearts
  A peacekeeper (Vaults:2)
  32 vault guards
  2 ice dragons
  10 hydras
  7 boulder beetles
  14 alligators
  2 caustic shrike simulacra
  2 ghost crabs
  A demonspawn (Orc:2)
  6 jorogumos
  3 ogre magi (Vaults:5)
  10 centaur warriors
  3 radroaches
  A merfolk aquamancer (Pan)
  34 dancing weapons
  3 death knights
  Erica (Lair:2)
  2 catoblepae
  A spriggan skeleton (Crypt:1)
  4 two-headed ogres
  A deep troll shaman (Depths:4)
  18 thrashing horrors
  3 tengu warriors
  11 vampire magi
  2 spectral stone giants (Tar:2)
  A bennu skeleton (Crypt:2)
  5 death yaks (Lair:5)
  6 deep troll earth magi
  8 occultists
  10 orc high priests
  A titan zombie (Hell)
  7 hell hogs
  2 spectral dire elephants
  11 demonic crawlers
  20 hell knights
  5 spriggan berserkers
  66 sun demons
  19 wretched stars
  Sonja (Lair:1)
  36 deep elf knights
  A naga warrior (Abyss:3)
  A spectral storm dragon (Depths:1)
  Nergalle (Orc:1)
  22 soul eaters
  4 skysharks
  2 hellephant skeletons (Pan)
  26 sixfirhies
  A skyshark (shapeshifter) (D:15)
  3 spectral bunyips
  A salamander mystic (Depths:4)
  2 spatial maelstroms
  18 skeletal warriors
  A death drake (shapeshifter) (Vaults:5)
  A shining eye (shapeshifter) (Vaults:5)
  4 iron trolls
  Amaemon (D:11)
  9 goliath frogs
  5 spriggan druids
  5 shadow wraiths
  A storm dragon skeleton (Vaults:2)
  A glowing orange brain (shapeshifter) (Depths:2)
  6 pharaoh ants
  18 orb spiders
  9 sun moths (Pan)
  11 glowing orange brains
  6 flayed ghosts
  A spark wasp zombie (Hell)
  An anaconda skeleton (Hell)
  A sea snake (shapeshifter) (Vaults:3)
  A death drake (Depths:3)
  An obsidian statue (Zot:5)
  4 spectral hydras
  A mana viper (shapeshifter) (Vaults:5)
  39 deep trolls
  2 thermic dynamos
  24 shadow demons (Pan)
  13 bog bodies
  2 orange crystal statues (IceCv)
  14 arcanists
  5 spectral wolf spiders (Spider:3)
  6 orc knights
  An iron giant skeleton (Crypt:2)
  48 large abominations
  9 steelbarb worms
  24 ironbound convokers
  A lindwurm (shapeshifter) (Abyss:4)
  10 lindwurms
  6 swamp dragons
  3 steelbarb worms (shapeshifter)
  A tengu zombie (Vaults:2)
  35 deep elf zephyrmancers
  11 phantasmal warriors
  A fire giant zombie (Hell)
  6 wolf spider zombies (Spider:3)
  9 necromancers
  23 deep elf archers
  2 iron dragon zombies
  34 deep elf pyromancers
  A frost giant zombie (Hell)
  A tengu skeleton (Vaults:2)
  2 alligator zombies
  8 shining eyes
  23 wolf spiders
  3 salamanders (Depths:4)
  2 oklob plants
  5 manticores
  7 orc sorcerers (Orc:2)
  2 stone giant zombies
  8 cyclopes
  6 worldbinders
  36 ugly things
  4 spectral ettins
  3 fauns (Zot:2)
  2 spectral centaurs
  6 will-o-the-wisps
  A manticore (shapeshifter) (Depths:4)
  A faun (shapeshifter) (Abyss:3)
  5 meliai
  2 elephants (Lair:5)
  47 moths of wrath
  A guardian serpent (Abyss:3)
  4 kobold blastminers
  12 rust devils
  3 apocalypse crabs
  16 vault sentinels
  4 black mambas
  A dire elephant zombie (Crypt:1)
  26 smoke demons
  7 torpor snails
  An eye of devastation (shapeshifter) (Vaults:5)
  4 molten gargoyles (D:9)
  4 eyes of devastation
  21 orange demons
  A guardian serpent (shapeshifter) (D:15)
  2 gargoyles (D:13)
  An ice statue (Hell)
  A titan simulacrum (Depths:1)
  A shock serpent skeleton (Crypt:2)
  3 unseen horrors (Depths:3)
  10 spectral swamp worms (Tar:7)
  Jeremiah (D:7)
  21 cane toads
  12 hellions
  An unseen horror zombie (Crypt:1)
  16 freezing wraiths
  A green draconian zombie (Crypt:1)
  12 komodo dragons
  3 swamp worm zombies (Swamp:4)
  7 kobold demonologists
  A pale draconian zombie (Crypt:2)
  4 spectral nagas
  A green draconian skeleton (Crypt:1)
  8 rime drakes
  43 yaktaurs
  3 golden dragon simulacra
  8 efreet
  An alligator snapping turtle skeleton (Abyss:3)
  10 tormentors
  5 tengu conjurers
  2 anaconda simulacra (IceCv)
  15 ancient zymes
  3 red devils (Pan)
  An ice devil (Pan)
  A spectral glowing shapeshifter (Depths:1)
  Psyche (D:11)
  6 trolls
  4 polar bears
  8 hydra zombies
  4 spectral harpies
  2 bloated husks (Swamp:4)
  A queen bee (Abyss:4)
  2 hydra skeletons (Hell)
  2 wolf spider simulacra (Spider:3)
  18 hellwings
  7 tyrant leeches
  3 alligator simulacra (IceCv)
  Prince Ribbit (D:6)
  3 harpy skeletons
  2 glass eyes
  22 hornets
  5 spectral swamp dragons (Swamp:4)
  A sun moth zombie (Crypt:2)
  49 tarantellas
  2 tengu simulacra (Depths:1)
  A glass eye (shapeshifter) (Vaults:5)
  A snapping turtle (shapeshifter) (Vaults:5)
  16 blink frogs
  27 raiju
  12 dream sheep
  A raiju (shapeshifter) (Abyss:3)
  A spectral black mamba (Tar:2)
  24 jumping spiders
  2 air elementals
  158 slime creatures
  A fire giant simulacrum (Vaults:2)
  21 culicivoras
  A centaur simulacrum (Crypt:3)
  A shadow (D:11)
  10 wraiths
  20 ynoxinuls
  A black mamba zombie (Crypt:1)
  A dire elephant simulacrum (IceCv)
  11 fire elementals
  5 tyrant leech zombies (Swamp:4)
  3 wyverns
  A golden eye (shapeshifter) (D:13)
  2 fire bats (Depths:4)
  4 wargs
  A satyr skeleton (Crypt:1)
  37 neqoxecs
  3 water elementals
  2 basilisks
  56 redbacks
  24 spriggans
  9 golden eyes
  25 yaks
  A redback (shapeshifter) (Depths:4)
  2 sea snake simulacra (Hell)
  9 vampire mosquitoes
  26 chaos spawn
  Edmund (D:5)
  2 harpy simulacra (IceCv)
  A spatial vortex (Abyss:3)
  13 swamp worms
  2 acid dragons
  A fire bat zombie (Crypt:1)
  31 small abominations
  6 hell hounds
  A naga zombie (Abyss:3)
  A glowing shapeshifter zombie (Hell)
  14 water moccasins
  5 swamp drakes
  4 ettin simulacra (IceCv)
  45 orc warriors
  2 ice beasts (D:7)
  37 laughing skulls
  2 black bears
  3 swamp dragon zombies (Swamp:4)
  7 ogres
  21 wolves
  56 starcursed masses
  10 centaurs
  9 phantoms
  A hog skeleton (Crypt:2)
  A weeping skull (Abyss:1)
  A komodo dragon zombie (Crypt:2)
  3 kobold brigands
  2 brain worms
  A human zombie (Vaults:1)
  10 bullfrogs
  A glowing shapeshifter simulacrum (Vaults:1)
  5 earth elementals
  2 gnoll sergeants
  2 scorpions (D:5)
  An ogre simulacrum (Vaults:1)
  4 burial acolytes (Crypt:3)
  9 wights
  A lindwurm simulacrum (IceCv)
  15 killer bees
  4 howler monkeys
  11 electric eels
  4 crimson imps
  A human simulacrum (Vaults:2)
  A lava snake (D:9)
  A bombardier beetle (D:7)
  10 jellies
  2 quasits (Abyss:3)
  A basilisk zombie (Crypt:1)
  5 hounds
  23 orc priests
  Crazy Yiuf (D:2)
  An iron imp (Abyss:3)
  3 gnoll boudas
  An iguana (D:6)
  A sleepcap (D:8)
  Natasha (thrice) (D:4)
  7 orc wizards
  19 hell rats
  A deep dwarf zombie (Crypt:2)
  A crocodile skeleton (Crypt:1)
  21 gnolls
  4 adders
  A river rat (Sewer)
  5 white imps
  2 ufetubi (Abyss:4)
  An adder skeleton (Crypt:2)
  2 dart slugs
  4 ribbon worms
  85 orcs
  13 ball pythons
  8 bats
  16 endoplasms
  5 giant cockroaches
  7 goblins
  13 hobgoblins
  11 jackals
  19 kobolds
  4 quokkas
  14 frilled lizards
  A frilled lizard zombie (Crypt:1)
  An orc skeleton (Crypt:2)
  12 rats
  A spectral kobold (D:1)
  4 ball lightnings (Pan)
  14 fire vortices
  3 lurking horrors
  A spectral weapon (Elf:2)
  29 starspawn tentacles
  3 tentacles (Tar:7)
4009 creatures vanquished.

Vanquished Creatures (collateral kills)
  Gloorx Vloq (Pan)
  A profane servitor (Tar:7)
  2 Tzitzimimeh (Tar:7)
  A balrug (Pan)
  2 reapers (Pan)
  2 caustic shrike skeletons (Pan)
  2 hellephant skeletons (Pan)
  2 sun demons (Pan)
  A large abomination (Pan)
  A smoke demon (Pan)
15 creatures vanquished.

Vanquished Creatures (others)
  An eldritch tentacle (Pan)
  A draconian knight (Zot:1)
  A reaper (Pan)
  A putrid mouth (Tar:4)
  A white draconian (Zot:2)
  A rakshasa (Pan)
  A demonic crawler (Spider:1)
  A soul eater (Hell)
  A deep elf knight (Elf:3)
  A sixfirhy (Pan)
  A glowing orange brain (Pan)
  A phantasmal warrior (Swamp:4)
  A deep elf zephyrmancer (Elf:3)
  A large abomination (Abyss:3)
  A smoke demon (Depths:2)
  An ice statue (Hell)
  An ancient zyme (Abyss:3)
  3 bloated husks
  A jumping spider (Spider:1)
  A small abomination (Crypt:3)
  A redback (Spider:2)
  A chaos spawn (Pan)
  A neqoxec (Pan)
  A white imp (Abyss:1)
  8 ball lightnings (Pan)
  A creeping inferno (Hell)
  2 fire vortices (Pan)
  19 foxfires
  4 lurking horrors
  142 spectral weapons
  26 starspawn tentacles
  2 tentacles (Tar:7)
230 creatures vanquished.

Grand Total: 4254 creatures vanquished

Notes
Turn   | Place    | Note
-------+----------+-------------------------------------------
     0 | D:1      | Avenger the Minotaur Fighter began the quest for the Orb.
     0 | D:1      | Reached XP level 1. HP: 19/19 MP: 0/0
    71 | D:1      | Reached XP level 2. HP: 17/27 MP: 1/1
   594 | D:1      | Found a faded altar of an unknown god.
  1088 | D:2      | Reached XP level 3. HP: 33/33 MP: 2/2
  1263 | D:2      | Found a runed translucent door.
  1264 | D:2      | Noticed Crazy Yiuf
  1655 | D:3      | Reached XP level 4. HP: 30/41 MP: 3/3
  1877 | D:3      | Found an iron altar of Okawaru.
  1885 | D:3      | Found a blossoming altar of Fedhas.
  1888 | D:3      | Found a basalt altar of Yredelemnul.
  2001 | D:3      | Became a worshipper of Warmaster Okawaru
  2698 | D:4      | Found a glowing silver altar of Zin.
  2699 | D:4      | Found a glowing golden altar of the Shining One.
  2739 | D:4      | Noticed an ogre
  2739 | D:4      | Noticed Natasha
  2748 | D:4      | Killed Natasha
  2748 | D:4      | Killed an ogre
  2749 | D:4      | Reached skill level 5 in Axes
  2749 | D:4      | Reached skill level 1 in Invocations
  2749 | D:4      | Reached XP level 5. HP: 47/47 MP: 4/4
  2757 | D:4      | Noticed Natasha
  2767 | D:4      | Killed Natasha
  2768 | D:4      | Reached skill level 5 in Fighting
  2918 | D:4      | Reached XP level 6. HP: 56/56 MP: 6/6
  2942 | D:4      | Found a glowing drain.
  2961 | Sewer    | Entered a sewer
  2993 | Sewer    | Reached skill level 5 in Armour
  3113 | Sewer    | Found a viscous altar of Jiyva.
  3431 | D:4      | Noticed Natasha
  3437 | D:4      | Killed Natasha
  3512 | D:4      | Found a white marble altar of Elyvilon.
  3779 | D:4      | You fall into a shaft and drop 2 floors!
  3783 | D:5      | Entered Level 5 of the Dungeon
  3794 | D:5      | Reached * piety under Okawaru
  3799 | D:5      | Reached XP level 7. HP: 7/61 MP: 7/7
  4368 | D:5      | Found a stormy altar of Qazlal.
  4458 | D:5      | Noticed a wraith
  4466 | D:5      | Killed a wraith
  4487 | D:5      | Reached XP level 8. HP: 60/70 MP: 9/9
  4580 | D:5      | Found a burning altar of Makhleb.
  4655 | D:5      | Reached ** piety under Okawaru
  5151 | D:5      | Found Noutef's Distillery.
  5200 | D:5      | Bought a potion of curing for 45 gold pieces
  5200 | D:5      | Bought a potion of degeneration for 15 gold pieces
  5201 | D:5      | Bought a potion of haste for 150 gold pieces
  5201 | D:5      | Bought a potion of mutation for 120 gold pieces
  5286 | D:5      | Noticed Edmund
  5291 | D:5      | Killed Edmund
  5446 | D:6      | Noticed Prince Ribbit
  5468 | D:6      | Killed Prince Ribbit
  5658 | D:6      | Found a staircase to the Ecumenical Temple.
  5713 | D:6      | Reached *** piety under Okawaru
  5714 | D:6      | Reached XP level 9. HP: 79/79 MP: 11/11
  6351 | D:7      | Reached skill level 5 in Invocations
  6381 | D:7      | Noticed Jeremiah
  6408 | D:7      | Reached skill level 10 in Axes
  6458 | D:7      | Killed Jeremiah
  6458 | D:7      | Reached **** piety under Okawaru
  6588 | D:7      | Found a bloodstained altar of Trog.
  7270 | D:7      | Found a sparkling altar of Nemelex Xobeh.
  7784 | D:8      | Found an ancient bone altar of Kikubaaqudgha.
  7802 | D:8      | Noticed a two-headed ogre
  7808 | D:8      | Killed a two-headed ogre
  7809 | D:8      | Reached XP level 10. HP: 58/90 MP: 10/13
  8465 | D:8      | Reached ***** piety under Okawaru
  8895 | D:9      | Noticed a two-headed ogre
  8901 | D:9      | Killed a two-headed ogre
  9032 | D:9      | Noticed a molten gargoyle
  9040 | D:9      | Killed a molten gargoyle
  9040 | D:9      | Received a gift from Okawaru
  9041 | D:9      | Noticed a molten gargoyle
  9041 | D:9      | Noticed a molten gargoyle
  9050 | D:9      | Killed a molten gargoyle
  9053 | D:9      | Killed a molten gargoyle
  9094 | D:9      | Noticed a molten gargoyle
  9296 | D:9      | Found a flagged portal.
  9310 | Bailey   | Entered a bailey
  9494 | Bailey   | Reached XP level 11. HP: 99/99 MP: 15/15
  9501 | Bailey   | Reached skill level 10 in Fighting
  9597 | Bailey   | Received a gift from Okawaru
  9764 | Bailey   | Acquired a manual of Fighting
  9779 | Bailey   | Found an iron altar of Okawaru.
  9801 | Bailey   | Reached skill level 10 in Armour
  9822 | Bailey   | Found the +8 pair of quick blades "Gyre" and "Gimble"
                  | {protect}
 10494 | D:10     | Entered Level 10 of the Dungeon
 11059 | D:10     | Found a shimmering blue altar of Sif Muna.
 11537 | D:10     | Found a staircase to the Lair.
 11562 | D:10     | Found an ornate altar of the Wu Jian Council.
 11735 | D:10     | Found a transporter.
 11735 | D:10     | Noticed a skeletal warrior
 11738 | D:10     | Noticed a centaur warrior
 11739 | D:10     | Found a transporter.
 11739 | D:10     | Noticed a seven-headed hydra
 11739 | D:10     | Noticed a red ugly thing
 11739 | D:10     | Noticed a deep elf knight
 11746 | D:10     | Found a broken altar of Ashenzari.
 12103 | D:10     | Found a shadowy altar of Dithmenos.
 12385 | D:11     | Noticed a two-headed ogre
 12393 | D:11     | Killed a two-headed ogre
 12685 | D:11     | Noticed Psyche
 12694 | D:11     | Killed Psyche
 12841 | D:11     | Noticed a boulder beetle
 12843 | D:11     | Noticed Amaemon
 12858 | D:11     | Killed a boulder beetle
 12861 | D:11     | Killed Amaemon
 12994 | D:11     | Noticed a two-headed ogre
 13001 | D:11     | Killed a two-headed ogre
 13346 | D:11     | Noticed a cyan ugly thing
 13354 | D:11     | Killed a cyan ugly thing
 13354 | D:11     | Received a gift from Okawaru
 13355 | D:11     | Reached skill level 15 in Axes
 13355 | D:11     | Reached XP level 12. HP: 98/113 MP: 17/17
 13943 | D:12     | Found a roughly hewn altar of Beogh.
 13943 | D:12     | Found a staircase to the Orcish Mines.
 13989 | D:12     | Noticed a boulder beetle
 14105 | D:12     | Killed a boulder beetle
 14284 | D:12     | Identified the +3 spear "Juebiej" {drain, *Rage rPois
                  | Int+4}
 14285 | D:12     | Found a runed translucent door.
 14450 | D:12     | Acquired the amulet "Dorof" {Will+ Regen+ Int+6}
 14574 | D:12     | Noticed kasel's ghost (journeyman OnGl)
 14632 | Orc:1    | Entered Level 1 of the Orcish Mines
 14633 | Orc:1    | Found Cyotued's Armour Shoppe.
 14643 | Orc:1    | Reached ****** piety under Okawaru
 14654 | Orc:1    | Received a gift from Okawaru
 14655 | Orc:1    | Acquired the +3 broad axe of the Butterfly {drain, rC-
                  | Str-3 Int+3 Dex+2}
 14655 | Orc:1    | Received a gift from Okawaru
 14657 | Orc:1    | Acquired the +1 pair of gloves "Ecyjim" {rElec rPois Will+
                  | Str+2}
 14657 | Orc:1    | Received a gift from Okawaru
 14875 | Orc:2    | Entered Level 2 of the Orcish Mines
 14875 | Orc:2    | Noticed Saint Roka
 14875 | Orc:2    | Found a staircase to the Elven Halls.
 15049 | D:13     | Noticed a boulder beetle
 15057 | D:13     | Killed a boulder beetle
 15100 | D:13     | Noticed Rupert
 15203 | D:13     | Killed Rupert
 15320 | D:13     | Noticed a catoblepas
 15329 | D:13     | Killed a catoblepas
 15368 | D:13     | Found Oboahitel's Magic Scroll Boutique.
 15376 | D:13     | Bought a scroll of revelation for 105 gold pieces
 15376 | D:13     | Bought a scroll of vulnerability for 56 gold pieces
 15376 | D:13     | Bought a scroll of poison for 56 gold pieces
 15376 | D:13     | Bought a scroll of poison for 56 gold pieces
 15376 | D:13     | Bought a scroll of blinking for 105 gold pieces
 15376 | D:13     | Bought a scroll of identify for 28 gold pieces
 15376 | D:13     | Bought a scroll of identify for 28 gold pieces
 15376 | D:13     | Bought a scroll of identify for 28 gold pieces
 15508 | D:13     | Noticed Azrael
 15522 | Arena    | Entered the Arena
 15531 | Arena    | Killed Azrael
 15714 | D:13     | Received a gift from Okawaru
 15715 | D:13     | Reached XP level 13. HP: 112/125 MP: 19/19
 15738 | D:13     | Found a gate to the Vaults.
 15823 | D:13     | Noticed Nessos
 15829 | Arena    | Entered the Arena
 15835 | Arena    | Killed Nessos
 15836 | Arena    | Reached skill level 10 in Invocations
 16030 | D:14     | Reached skill level 15 in Fighting
 16259 | D:14     | Received a gift from Okawaru
 16616 | D:15     | Entered Level 15 of the Dungeon
 16670 | D:15     | Noticed a brown very ugly thing
 16687 | D:15     | Killed a white very ugly thing
 16841 | D:15     | Found a staircase to the Depths.
 16939 | D:15     | Found a blossoming altar of Fedhas.
 16965 | D:15     | Received a gift from Okawaru
 17040 | D:15     | Found a runed translucent gate.
 17041 | D:15     | Found a runed translucent gate.
 17041 | D:15     | Found an ancient bone altar of Kikubaaqudgha.
 17041 | D:15     | Found a runed translucent gate.
 17041 | D:15     | Noticed a lich
 17041 | D:15     | Noticed a lich
 17041 | D:15     | Noticed a lich
 17041 | D:15     | Noticed a lich
 17042 | D:15     | Noticed Yjerus's ghost (adept MiAK)
 17138 | D:15     | Found an ornate altar of the Wu Jian Council.
 17741 | Lair:1   | Entered Level 1 of the Lair of Beasts
 18386 | Lair:1   | Identified the +8 quarterstaff of the Globe {freeze, *Rage
                  | +Blink Dex+9 Stlth+}
 18550 | Lair:1   | Reached XP level 14. HP: 135/141 MP: 20/20
 18554 | Lair:1   | Received a gift from Okawaru
 18916 | Lair:1   | Noticed Sonja
 18934 | Lair:1   | Killed Sonja
 19655 | Lair:2   | Noticed Erica
 19662 | Lair:2   | Killed Erica
 19931 | Lair:2   | Found a staircase to the Swamp.
 20041 | Lair:2   | Found a hole to the Spider Nest.
 20156 | Lair:2   | Found an ancient bone altar of Kikubaaqudgha.
 20872 | Lair:3   | Received a gift from Okawaru
 21166 | Lair:3   | Identified the +3 war axe of Zin's Approval {flame, rElec
                  | rN++ Str-2 Dex+2}
 21688 | Lair:4   | Found a staircase to the Slime Pits.
 22380 | Lair:5   | Entered Level 5 of the Lair of Beasts
 22442 | Lair:5   | Received a gift from Okawaru
 22443 | Lair:5   | Reached skill level 15 in Armour
 22796 | Lair:5   | Received a gift from Okawaru
 22865 | Lair:5   | Reached XP level 15. HP: 134/152 MP: 20/22
 23622 | Orc:2    | Killed Saint Roka
 23623 | Orc:2    | Noticed Jorgrun
 23638 | Orc:2    | Killed Jorgrun
 23638 | Orc:2    | Received a gift from Okawaru
 23853 | Orc:2    | Noticed Snorg
 23862 | Orc:2    | Killed Snorg
 24061 | Orc:1    | Noticed Nergalle
 24062 | Orc:1    | Found Gogesch's Vocational Training.
 24068 | Orc:1    | Killed Nergalle
 24361 | Orc:2    | Found Qokhu's General Store.
 24401 | Orc:2    | Found Sasoogh's Magic Scroll Shop.
 24433 | Orc:2    | Noticed Donald
 24446 | Orc:2    | Killed Donald
 24474 | Orc:2    | Bought a potion of haste for 130 gold pieces
 24474 | Orc:2    | Bought 3 scrolls of fog for 156 gold pieces
 24476 | Orc:2    | Bought a scroll of fog for 68 gold pieces
 24476 | Orc:2    | Bought a scroll of enchant weapon for 127 gold pieces
 24476 | Orc:2    | Bought 3 scrolls of amnesia for 204 gold pieces
 24476 | Orc:2    | Bought a scroll of enchant armour for 127 gold pieces
 24476 | Orc:2    | Bought a scroll of poison for 68 gold pieces
 24632 | Orc:2    | Received a gift from Okawaru
 24701 | Orc:2    | Found Ibruadd's Antique Weapon Emporium.
 24701 | Orc:2    | Found Womaegg's Jewellery Shoppe.
 24702 | Orc:2    | Found a one-way gate leading to the halls of Pandemonium.
 24979 | Orc:2    | Bought a +2 pair of boots of flying for 279 gold pieces
 25095 | Orc:1    | You are sucked into a shaft and drop 1 floor!
 25632 | D:5      | Bought a potion of haste for 150 gold pieces
 25632 | D:5      | Bought a potion of magic for 120 gold pieces
 25733 | D:2      | Killed Crazy Yiuf
 26493 | D:12     | Killed kasel's ghost
 26502 | D:12     | HP: 4/138 [spriggan rider/the +3 spear "Juebiej" {drain,
                  | *Rage rPois Int+4} (7)]
 26815 | Swamp:1  | Entered Level 1 of the Swamp
 26971 | Swamp:1  | Received a gift from Okawaru
 27201 | Swamp:1  | Reached XP level 16. HP: 142/164 MP: 20/23
 27867 | D:5      | Bought a potion of might for 60 gold pieces
 28238 | Swamp:2  | Noticed a thorn hunter
 28261 | Swamp:2  | Killed a thorn hunter
 28393 | Swamp:2  | Received a gift from Okawaru
 28849 | Swamp:2  | Identified the +5 whip of the Shore {elec, *Corrode rPois
                  | Str+4}
 28869 | Swamp:3  | Noticed Roxanne
 28894 | Swamp:3  | Killed Roxanne
 29277 | Swamp:3  | Noticed a tentacled monstrosity
 29288 | Swamp:3  | Killed a tentacled monstrosity
 29774 | Swamp:4  | Entered Level 4 of the Swamp
 30030 | Swamp:4  | Received a gift from Okawaru
 30512 | Swamp:4  | Noticed a bone dragon
 30524 | Swamp:4  | Reached XP level 17. HP: 145/171 MP: 19/25
 30540 | Swamp:4  | Killed a bone dragon
 30809 | Swamp:4  | Got a decaying rune of Zot
 31141 | Spider:1 | Entered Level 1 of the Spider Nest
 31148 | Lair:2   | Received a gift from Okawaru
 31392 | Spider:1 | Identified the +6 chain mail "Umosix" {Int+4}
 31478 | Spider:1 | Noticed Nikola
 31489 | Spider:1 | Killed Nikola
 32375 | Spider:2 | Found a hide-covered altar of Uskayaw.
 32436 | Spider:2 | Received a gift from Okawaru
 32601 | Spider:2 | Got the Writings on Hexes
 33406 | Spider:3 | Noticed Arachne
 33590 | Spider:2 | Killed Arachne
 33846 | Spider:3 | Received a gift from Okawaru
 34066 | Spider:3 | Reached XP level 18. HP: 176/190 MP: 26/26
 34429 | Spider:4 | Entered Level 4 of the Spider Nest
 34606 | Spider:4 | Received a gift from Okawaru
 35395 | Arena    | Entered the Arena
 35584 | Spider:4 | Got a gossamer rune of Zot
 36192 | Vaults:1 | Entered Level 1 of the Vaults
 36812 | Vaults:1 | Identified the ring of Broken Luck {MP+9 Str+5 Int+2
                  | Stlth+}
 36898 | Vaults:1 | Identified the +2 chain mail of Lugonu's Generosity {rPois
                  | rF+ Str+2}
 37304 | Vaults:1 | Received a gift from Okawaru
 37401 | Vaults:1 | Reached XP level 19. HP: 144/201 MP: 27/27
 38487 | Vaults:2 | Identified the +10 scimitar "Zisurit" {flame, Dex+3}
 38715 | Vaults:2 | Received a gift from Okawaru
 39084 | Vaults:2 | Found a staircase to the Crypt.
 40557 | D:15     | Killed Yjerus's ghost
 40559 | D:15     | Identified the ring "Gocomef" {Fire Will- Str+6 Int+2
                  | Dex+9}
 40567 | D:15     | Identified the +1 pair of gloves of Articulation {rElec
                  | Stlth+}
 40575 | D:15     | Identified the +3 battleaxe of Invincibility {protect,
                  | rPois SInv}
 40974 | Vaults:3 | Received a gift from Okawaru
 41440 | Vaults:3 | Noticed Xtahua
 41457 | Vaults:3 | Killed Xtahua
 41528 | Vaults:3 | Reached XP level 20. HP: 199/214 MP: 28/28
 41694 | Vaults:3 | Reached skill level 5 in Shields
 41800 | Vaults:3 | Received a gift from Okawaru
 42678 | Vaults:4 | Noticed Jory
 42692 | Vaults:4 | Received a gift from Okawaru
 42695 | Vaults:4 | Killed Jory
 43570 | Vaults:5 | Entered Level 5 of the Vaults
 43775 | Vaults:5 | Received a gift from Okawaru
 43841 | Vaults:5 | Reached skill level 10 in Shields
 43962 | Vaults:5 | Reached XP level 21. HP: 211/223 MP: 29/29
 44150 | Vaults:5 | Identified the +2 ice dragon scales "Suachaeg" {rPois rF-
                  | rC++ rCorr Str+4 Int-2}
 44325 | Vaults:5 | Received a gift from Okawaru
 44552 | Vaults:5 | Identified the amulet "Kias" {Acrobat -Tele Str+5}
 44599 | Vaults:5 | Identified the ring "Gebbik" {Ice Int+5}
 44602 | Vaults:5 | Noticed a dread lich
 44609 | Vaults:5 | Killed a dread lich
 44626 | Vaults:5 | Gained mutation: Your body sometimes deteriorates upon
                  | taking damage. [a shining eye]
 44627 | Vaults:5 | Gained mutation: Armour fits poorly on your strangely
                  | shaped body. [a shining eye]
 44633 | Vaults:5 | Gained mutation: You are frail. (-10% HP) [a shining eye]
 44647 | Vaults:5 | Lost mutation: Armour fits poorly on your strangely shaped
                  | body. [potion of mutation]
 44647 | Vaults:5 | Lost mutation: You are frail. (-10% HP) [potion of
                  | mutation]
 44647 | Vaults:5 | Lost mutation: Your body sometimes deteriorates upon taking
                  | damage. [potion of mutation]
 44647 | Vaults:5 | Gained mutation: You have an increased reservoir of magic.
                  | (+10% MP) [potion of mutation]
 44742 | Vaults:5 | Noticed a golden dragon
 44751 | Vaults:5 | Killed a golden dragon
 44916 | Vaults:5 | Received a gift from Okawaru
 45070 | Vaults:5 | Identified the +1 ring mail of the Jabberwock {rElec Regen+
                  | Stlth+}
 45132 | Vaults:5 | Got a silver rune of Zot
 45202 | Vaults:5 | Noticed an ancient lich
 45210 | Vaults:5 | Killed an ancient lich
 45380 | Vaults:5 | Identified the +0 leather armour of Truth {+Inv rElec Will+
                  | Dex-5 Stlth+}
 45401 | Vaults:5 | Received a gift from Okawaru
 45885 | Vaults:5 | Noticed a dread lich
 45903 | Vaults:5 | Killed a dread lich
 45955 | Vaults:5 | Identified the maw talisman of Dowdy Mirth {rN+++}
 46094 | Vaults:5 | Got Geothroub's Compendium of the Squall
 46942 | Elf:1    | Entered Level 1 of the Elven Halls
 47198 | Elf:1    | Received a gift from Okawaru
 47238 | Elf:1    | Reached skill level 15 in Shields
 47256 | Elf:1    | Reached XP level 22. HP: 229/232 MP: 33/33
 47912 | Elf:2    | Found a glacial archway.
 48014 | IceCv    | Entered an ice cave
 48155 | IceCv    | Received a gift from Okawaru
 48214 | IceCv    | Identified the +4 sling of Dishonesty {freeze, rF+ rCorr
                  | MP+9}
 48597 | Elf:2    | Paralysed by an air elemental for 1 turns
 48631 | Elf:2    | Found Cudop's Assorted Antiques.
 48639 | Elf:2    | Bought a potion of curing for 81 gold pieces
 48639 | Elf:2    | Bought a scroll of fear for 108 gold pieces
 48933 | Elf:2    | Found a runed translucent gate.
 48933 | Elf:2    | Found a runed translucent gate.
 48933 | Elf:2    | Found a runed translucent gate.
 49006 | Elf:2    | Identified the staff of a Gauntlet {rC++ Earth}
 49740 | Elf:3    | Entered Level 3 of the Elven Halls
 49812 | Elf:3    | Paralysed by an air elemental for 1 turns
 50006 | Elf:3    | Found Ceniyll's Jewellery Shoppe.
 50137 | Elf:3    | Received a gift from Okawaru
 50750 | Elf:3    | Identified the +5 long sword of Friendship {heavy, rElec
                  | MP+9 Int+4 Dex+3}
 50808 | Elf:3    | Found the +0 pair of fencer's gloves {Riposte Dex+3}
 50822 | Elf:3    | Received a gift from Okawaru
 50861 | Elf:3    | Got the Anthology of Enchanting Transformation
 50866 | Elf:3    | Found the +4 skin of Zhor {*Englaciate rC+++ SInv}
 50888 | Elf:3    | Identified the staff "Grim" {Fly rN+ Str-3 Conj}
 50993 | Elf:3    | Got the Annotations on Company and Detritus
 51020 | Elf:3    | Identified the +17 plate armour "Acid" {Harm rC+ Dex+3}
 51046 | Elf:3    | Acquired a manual of Dodging
 52012 | Depths:1 | Entered Level 1 of the Depths
 52050 | Depths:1 | Reached skill level 1 in Throwing
 52117 | Depths:1 | Reached XP level 23. HP: 239/239 MP: 34/34
 52118 | Depths:1 | Identified the +8 morningstar of Bodischa {freeze, Int+3}
 52149 | Depths:1 | Found a runed translucent gate.
 52149 | Depths:1 | Found a runed translucent gate.
 52150 | Depths:1 | Found a runed translucent gate.
 52158 | Depths:1 | Noticed a dread lich
 52159 | Depths:1 | Noticed Qacefab's ghost (adept MiFi)
 52172 | Depths:1 | Found an ancient bone altar of Kikubaaqudgha.
 52305 | Depths:1 | Noticed the Enchantress
 52315 | Depths:1 | Killed the Enchantress
 52675 | Depths:1 | Found a corrupted altar of Lugonu.
 52676 | Depths:1 | Found a one-way gate to the infinite horrors of the Abyss.
 52679 | Depths:1 | Found Ruokhlea's Armour Shop.
 52736 | Depths:1 | Found a sacrificial altar of Ru.
 52870 | Depths:1 | Found a gateway to Hell.
 53008 | Depths:1 | Killed a dread lich
 53021 | Depths:1 | Killed Qacefab's ghost
 53025 | Depths:1 | Reached skill level 5 in Throwing
 53123 | Depths:1 | Identified the ring "Fomuza" {rN+++ Will+ MP+9 Int+3 Dex-3}
 53134 | Depths:1 | Identified the +2 cloak of the Ancient Lovers {Harm Will+
                  | Str+3}
 53236 | Depths:2 | Found a one-way gateway to a ziggurat.
 53263 | Depths:2 | Identified the +5 scale mail of Gallantry {Harm rPois
                  | Dex-4}
 53371 | Depths:2 | Received a gift from Okawaru
 53753 | Depths:2 | Reached skill level 27 in Armour
 53951 | Depths:2 | Found a glowing golden altar of the Shining One.
 54185 | Depths:2 | Noticed an ancient lich
 54204 | Depths:2 | Killed an ancient lich
 54493 | Depths:3 | Reached skill level 27 in Axes
 54558 | Depths:3 | Reached skill level 27 in Fighting
 54661 | Depths:3 | Found the +5 demon whip "Spellbinder" {antimagic, disrupt,
                  | Will+}
 54715 | Depths:3 | Got the Excursus on the Catalyst
 54897 | Depths:3 | Noticed Norris
 54910 | Depths:3 | Killed Norris
 54910 | Depths:3 | Received a gift from Okawaru
 55172 | Depths:3 | Found a hazy altar of Hepliaklqana.
 55172 | Depths:3 | Noticed Vv
 55314 | Arena    | Entered the Arena
 55326 | Arena    | Killed Vv
 55520 | Depths:3 | Identified the +2 robe of Wev Beci {Int+4}
 55520 | Depths:3 | Noticed Boris
 55531 | Depths:3 | Killed Boris
 55820 | Depths:4 | Entered Level 4 of the Depths
 55848 | Depths:4 | Identified the scarf of the Undertaker {shadows, rC- Regen+
                  | Stlth+}
 55970 | Depths:4 | Found Ecle's Weapon Shoppe.
 56013 | Depths:4 | Received a gift from Okawaru
 56156 | Depths:4 | Reached XP level 24. HP: 227/249 MP: 34/34
 56208 | Depths:4 | Found a gate to the Realm of Zot.
 56525 | Depths:4 | Reached skill level 10 in Throwing
 56677 | Depths:4 | Found Utemu's CLEARANCE SALE!.
 56954 | Zot:1    | Entered Level 1 of the Realm of Zot
 57299 | Zot:1    | Received a gift from Okawaru
 57685 | Zot:1    | Noticed a dread lich
 57697 | Zot:1    | Killed a dread lich
 57714 | Arena    | Entered the Arena
 58299 | Zot:1    | Identified the +7 arbalest "Nagak" {freeze, rC- Int+9
                  | Dex+3}
 58302 | Zot:1    | Found a candlelit altar of Ignis.
 58302 | Zot:1    | Identified the +0 broad axe of Tinguri {venom, Int+4}
 58315 | Zot:1    | Identified the +8 spear "Egg" {heavy, Int+2 Dex-4 Stlth+}
 58396 | Zot:1    | Noticed a dread lich
 58404 | Zot:1    | Killed a dread lich
 58429 | Zot:1    | Reached skill level 15 in Throwing
 58858 | Zot:2    | Noticed an orb of fire
 58868 | Zot:2    | Gained mutation: You occasionally lose the ability to read
                  | scrolls when taking damage. [an orb of fire]
 58870 | Zot:2    | Killed an orb of fire
 58870 | Zot:2    | Received a gift from Okawaru
 59755 | Zot:2    | Identified the +1 robe "Iczueg" {Str-2 Dex+3 Stlth+}
 59847 | Zot:2    | Reached XP level 25. HP: 256/257 MP: 34/34
 59915 | Zot:2    | Gained mutation: You are weak. (Str -2) [mutagenic glow]
 60219 | Zot:2    | Noticed a juggernaut
 60219 | Zot:2    | a juggernaut changed into a titan
 60661 | Zot:3    | Noticed an orb of fire
 60680 | Zot:3    | Killed an orb of fire
 60841 | Zot:3    | Received a gift from Okawaru
 61456 | Zot:3    | Noticed a Killer Klown
 61490 | Zot:3    | Killed a Killer Klown
 62047 | Zot:3    | Noticed an orb of fire
 62058 | Zot:3    | Lost mutation: You have an increased reservoir of magic.
                  | (+10% MP) [an orb of fire]
 62067 | Zot:3    | Killed an orb of fire
 63171 | Zot:4    | Noticed an orb of fire
 63192 | Zot:4    | Gained mutation: Armour fits poorly on your strangely
                  | shaped body. [an orb of fire]
 63343 | Zot:3    | Lost mutation: You are weak. (Str -2) [potion of mutation]
 63343 | Zot:3    | Lost mutation: You occasionally lose the ability to read
                  | scrolls when taking damage. [potion of mutation]
 63343 | Zot:3    | Lost mutation: Armour fits poorly on your strangely shaped
                  | body. [potion of mutation]
 63343 | Zot:3    | Gained mutation: You occasionally shout uncontrollably at
                  | your foes. [potion of mutation]
 63343 | Zot:3    | Gained mutation: Your mind is acute. (Int +4, Str/Dex -1)
                  | [potion of mutation]
 63347 | Zot:4    | Gained mutation: You have hidden genetic defects. [an orb
                  | of fire]
 63357 | Zot:3    | Gained mutation: You frequently scream uncontrollably at
                  | your foes. [an orb of fire]
 63419 | Zot:3    | Gained mutation: You occasionally lose the ability to drink
                  | potions when taking damage. [an orb of fire]
 63421 | Zot:2    | Gained mutation: Your magical capacity is low. (-10% MP)
                  | [an orb of fire]
 63430 | Zot:2    | Killed an orb of fire
 63689 | Zot:3    | Lost mutation: Your magical capacity is low. (-10% MP)
                  | [potion of mutation]
 63689 | Zot:3    | Lost mutation: You have hidden genetic defects. [potion of
                  | mutation]
 63689 | Zot:3    | Gained mutation: You are robust. (+10% HP) [potion of
                  | mutation]
 63689 | Zot:3    | Gained mutation: Your skin changes colour to match your
                  | surroundings (Stealth+). [potion of mutation]
 63689 | Zot:3    | Gained mutation: Your natural rate of healing is unusually
                  | fast. [potion of mutation]
 63889 | Zot:4    | Reached XP level 26. HP: 257/292 MP: 31/31
 64268 | Zot:5    | Entered Level 5 of the Realm of Zot
 65064 | Zot:5    | Noticed a dread lich
 65075 | Zot:5    | Noticed an orb of fire
 65093 | Zot:5    | Noticed an orb of fire
 65093 | Zot:5    | Noticed an orb of fire
 65093 | Zot:5    | Noticed an orb of fire
 65093 | Zot:5    | Lost mutation: Your mind is acute. (Int +4, Str/Dex -1) [an
                  | orb of fire]
 65106 | Zot:5    | Killed an orb of fire
 65123 | Zot:5    | Killed an orb of fire
 65127 | Zot:5    | Killed a dread lich
 65132 | Zot:5    | Gained mutation: You are vulnerable to cold. (rC-) [an orb
                  | of fire]
 65136 | Zot:5    | Killed an orb of fire
 65151 | Zot:5    | Killed an orb of fire
 65152 | Zot:5    | Noticed a dread lich
 65152 | Zot:5    | Noticed a dread lich
 65158 | Zot:5    | Killed a dread lich
 65174 | Zot:5    | Killed a dread lich
 65178 | Zot:5    | Noticed an ancient lich
 65193 | Zot:5    | Killed an ancient lich
 65271 | Zot:5    | Noticed an ancient lich
 65282 | Zot:5    | Killed an ancient lich
 65989 | Zot:5    | Noticed an ancient lich
 65999 | Zot:5    | Killed an ancient lich
 66830 | Slime:1  | Entered Level 1 of the Pits of Slime
 68156 | Slime:3  | Gained mutation: You occasionally lose the ability to read
                  | scrolls when taking damage. [a shining eye]
 68526 | Slime:4  | Reached XP level 27. HP: 300/300 MP: 31/31
 68557 | Slime:4  | Received a gift from Okawaru
 69126 | Slime:5  | Entered Level 5 of the Pits of Slime
 69158 | Slime:5  | Noticed the Royal Jelly
 69170 | Slime:5  | Killed the Royal Jelly
 69517 | Slime:5  | Gained mutation: You sometimes lose the ability to read
                  | scrolls when taking damage. [a shining eye]
 69527 | Slime:5  | Found the -2 hat of the Alchemist {rElec rPois rF+ rC+ rN+
                  | Will+ rMut rCorr}
 69548 | Slime:5  | Got a slimy rune of Zot
 69549 | Slime:5  | Identified the amulet of Xom's Delight {rPois Regen+ Str+3
                  | Int-5}
 69567 | Slime:5  | Identified the +4 battleaxe "Ylehoddo" {venom, rF+++ Str-3
                  | Int-4 Dex+3}
 69595 | Slime:5  | Identified the +10 short sword of Afonurof {antimagic,
                  | Str+3 Int-5 Dex+5 Stlth+}
 69734 | Slime:5  | Identified the ring "Arae" {rElec rF+ MP+9 Str+4}
 70608 | Orc:1    | Bought a manual of Evocations for 1120 gold pieces
 70608 | Orc:1    | Bought a manual of Invocations for 1120 gold pieces
 70799 | Depths:1 | Voluntarily entered the Abyss.
 70801 | Abyss:1  | Found a corrupted altar of Lugonu.
 70804 | Abyss:1  | Found a bloodstained altar of Trog.
 70895 | Abyss:1  | Reached skill level 1 in Dodging
 70938 | Abyss:1  | Found a corrupted altar of Lugonu.
 70946 | Abyss:1  | Reached skill level 1 in Evocations
 71089 | Abyss:1  | Found an ornate altar of the Wu Jian Council.
 71091 | Abyss:1  | Found an ornate altar of the Wu Jian Council.
 71091 | Abyss:1  | Found an ornate altar of the Wu Jian Council.
 71311 | Abyss:2  | Found a corrupted altar of Lugonu.
 71349 | Abyss:2  | Reached skill level 5 in Dodging
 71433 | Abyss:3  | Found a corrupted altar of Lugonu.
 71447 | Abyss:3  | Found a glowing golden altar of the Shining One.
 71450 | Abyss:3  | Found a corrupted altar of Lugonu.
 71450 | Abyss:3  | Found a corrupted altar of Lugonu.
 71451 | Abyss:3  | Found a hide-covered altar of Uskayaw.
 71458 | Abyss:3  | Found a snail-covered altar of Cheibriados.
 71458 | Abyss:3  | Found a basalt altar of Yredelemnul.
 71458 | Abyss:3  | Found a shimmering blue altar of Sif Muna.
 71460 | Abyss:3  | Found a glowing silver altar of Zin.
 71461 | Abyss:3  | Found a blossoming altar of Fedhas.
 71461 | Abyss:3  | Found a hazy altar of Hepliaklqana.
 71461 | Abyss:3  | Found a burning altar of Makhleb.
 71461 | Abyss:3  | Found an opulent altar of Gozag.
 71461 | Abyss:3  | Found a radiant altar of Vehumet.
 71465 | Abyss:3  | Found a glowing golden altar of the Shining One.
 71467 | Abyss:3  | Found a burning altar of Makhleb.
 71468 | Abyss:3  | Found a snail-covered altar of Cheibriados.
 71469 | Abyss:3  | Found a corrupted altar of Lugonu.
 71736 | Abyss:3  | Reached skill level 27 in Throwing
 71942 | Abyss:3  | Found a corrupted altar of Lugonu.
 72087 | Abyss:3  | Gained mutation: Armour fits poorly on your strangely
                  | shaped body. [a neqoxec]
 72159 | Abyss:3  | Reached skill level 5 in Evocations
 72254 | Abyss:3  | Reached skill level 10 in Dodging
 72263 | Abyss:3  | Found a corrupted altar of Lugonu.
 72394 | Abyss:3  | Found a corrupted altar of Lugonu.
 72678 | Abyss:4  | Paralysed by accursed screaming for 1 turns
 72701 | Abyss:4  | Received a gift from Okawaru
 72865 | Abyss:4  | Gained mutation: You have hidden genetic defects. [a
                  | neqoxec]
 72878 | Abyss:4  | Noticed a dread lich
 72884 | Abyss:4  | Killed a dread lich
 73033 | Abyss:4  | Reached skill level 15 in Invocations
 73095 | Abyss:4  | Found a radiant altar of Vehumet.
 73109 | Abyss:4  | Found a corrupted altar of Lugonu.
 73161 | Abyss:4  | Noticed a dread lich
 73219 | Abyss:4  | Killed a dread lich
 73256 | Abyss:4  | Gained mutation: You have large cloven feet. [a cacodemon]
 73275 | Abyss:4  | Reached skill level 15 in Dodging
 73286 | Abyss:4  | Gained mutation: You are weak. (Str -2) [hidden defects]
 73321 | Abyss:4  | Got an abyssal rune of Zot
 73343 | Depths:1 | Escaped the Abyss
 73348 | Depths:1 | Lost mutation: You are robust. (+10% HP) [potion of
                  | mutation]
 73348 | Depths:1 | Lost mutation: You have large cloven feet. [potion of
                  | mutation]
 73348 | Depths:1 | Lost mutation: You have hidden genetic defects. [potion of
                  | mutation]
 73348 | Depths:1 | Gained mutation: Your body sometimes deteriorates upon
                  | taking damage. [potion of mutation]
 73348 | Depths:1 | Lost mutation: You are weak. (Str -2) [potion of mutation]
 73349 | Depths:1 | Lost mutation: Your skin changes colour to match your
                  | surroundings (Stealth+). [potion of mutation]
 73349 | Depths:1 | Lost mutation: You are vulnerable to cold. (rC-) [potion of
                  | mutation]
 73349 | Depths:1 | Lost mutation: Your natural rate of healing is unusually
                  | fast. [potion of mutation]
 73350 | Depths:1 | Lost mutation: You occasionally lose the ability to drink
                  | potions when taking damage. [potion of mutation]
 73350 | Depths:1 | Lost mutation: Your body sometimes deteriorates upon taking
                  | damage. [potion of mutation]
 73350 | Depths:1 | Lost mutation: You sometimes lose the ability to read
                  | scrolls when taking damage. [potion of mutation]
 73350 | Depths:1 | Gained mutation: You passively dampen the noise of your
                  | surroundings. [potion of mutation]
 73351 | Depths:1 | Lost mutation: You passively dampen the noise of your
                  | surroundings. [potion of mutation]
 73351 | Depths:1 | Lost mutation: You occasionally lose the ability to read
                  | scrolls when taking damage. [potion of mutation]
 73352 | Depths:1 | Lost mutation: You frequently scream uncontrollably at your
                  | foes. [potion of mutation]
 73352 | Depths:1 | Lost mutation: You occasionally shout uncontrollably at
                  | your foes. [potion of mutation]
 73352 | Depths:1 | Lost mutation: Armour fits poorly on your strangely shaped
                  | body. [potion of mutation]
 73352 | Depths:1 | Gained mutation: You are partially covered in iridescent
                  | scales. (AC +2) [potion of mutation]
 73425 | Depths:2 | Fell from the grace of Okawaru
 73425 | Depths:2 | Became a worshipper of the Shining One
 73721 | Crypt:1  | Entered Level 1 of the Crypt
 73778 | Crypt:1  | Reached * piety under the Shining One
 73791 | Crypt:1  | Reached skill level 10 in Evocations
 74307 | Crypt:1  | Reached ** piety under the Shining One
 74521 | Crypt:2  | Reached *** piety under the Shining One
 74651 | Crypt:2  | Identified the +3 ring mail of Levity {Stlth+}
 74833 | Crypt:2  | Reached **** piety under the Shining One
 75286 | Crypt:2  | Reached ***** piety under the Shining One
 75291 | Crypt:2  | Noticed Sojobo
 75298 | Crypt:2  | Killed Sojobo
 75451 | Crypt:3  | Entered Level 3 of the Crypt
 75480 | Crypt:3  | Noticed Bai Suzhen
 75509 | Crypt:3  | Killed Bai Suzhen
 75584 | Crypt:3  | Identified the ring of Emnym {AC+4 Dex+2}
 75699 | Crypt:3  | Reached ****** piety under the Shining One
 75770 | Crypt:3  | Found a staircase to the Tomb.
 75785 | Crypt:3  | Got an ivory gem with 1 turns to spare
 75785 | Crypt:3  | Lost the ivory gem through the power of Zot.
 75986 | Crypt:3  | Identified the +5 quarterstaff "Lopnirr" {freeze, rF+ rCorr
                  | SInv}
 76070 | Crypt:3  | Identified a +9 broad axe of holy wrath (a +8 broad axe
                  | blessed by the Shining One)
 76070 | Crypt:3  | Received a gift from the Shining One
 76073 | Crypt:3  | Identified the staff "Newtslayer" {rC+ Stlth- Conj Summ
                  | Ice}
 76214 | Crypt:3  | Found a basalt altar of Yredelemnul.
 76969 | Pan      | Entered Pandemonium
 77313 | Pan      | Noticed Forun the pandemonium lord
 77840 | Pan      | Noticed Koxzamog the pandemonium lord
 77866 | Pan      | Killed Koxzamog the pandemonium lord
 77980 | Pan      | Found a runed translucent door.
 78000 | Pan      | Got a demonic rune of Zot
 78016 | Pan      | Entered the realm of Gloorx Vloq.
 78141 | Pan      | Found an exit through the horrors of the Abyss.
 78422 | Pan      | Noticed Gloorx Vloq
 78898 | Pan      | Killed Gloorx Vloq
 79116 | Pan      | Got a dark rune of Zot
 79282 | Pan      | Entered the realm of Lom Lobon.
 80104 | Pan      | Noticed Lom Lobon
 80117 | Pan      | Killed Lom Lobon
 80164 | Pan      | Got a magical rune of Zot
 80347 | Pan      | Noticed Eschephe the pandemonium lord
 80423 | Pan      | Gained mutation: Armour fits poorly on your strangely
                  | shaped body. [a neqoxec]
 80479 | Pan      | Was forgiven by Okawaru
 80738 | Pan      | Entered the realm of Cerebov.
 80844 | Pan      | Found an exit through the horrors of the Abyss.
 80882 | Pan      | Lost mutation: You are partially covered in iridescent
                  | scales. (AC +2) [potion of mutation]
 80882 | Pan      | Lost mutation: Armour fits poorly on your strangely shaped
                  | body. [potion of mutation]
 80882 | Pan      | Gained mutation: You expend magic power (3 MP) to
                  | strengthen your wands. [potion of mutation]
 80882 | Pan      | Gained mutation: Armour fits poorly on your strangely
                  | shaped body. [potion of mutation]
 80883 | Pan      | Lost mutation: You expend magic power (3 MP) to strengthen
                  | your wands. [potion of mutation]
 80883 | Pan      | Lost mutation: Armour fits poorly on your strangely shaped
                  | body. [potion of mutation]
 80883 | Pan      | Gained mutation: You are agile. (Dex +4, Str/Int -1)
                  | [potion of mutation]
 81177 | Pan      | Identified the +4 war axe "Russ" {freeze, rElec Str-2
                  | Dex+5}
 81527 | Pan      | Identified the ring "Tibuig" {Fly rC+ rN+ Str-2 Slay+4}
 81572 | Pan      | Found the +6 sword of Cerebov {flame}
 81572 | Pan      | Noticed Cerebov
 81599 | Pan      | Killed Cerebov
 81751 | Pan      | Got a fiery rune of Zot
 81765 | Pan      | Identified the ring of Democracy {*Corrode Will+ Str+2
                  | SInv}
 81809 | Pan      | Got the Encyclopedia of the Icicle and the Curse
 81815 | Pan      | Identified the +5 ring mail of Muhen {Regen+ rCorr Int-2
                  | Slay+4}
 82123 | Pan      | Noticed Tuupogipt the pandemonium lord
 82236 | Pan      | Noticed Mennas
 82256 | Pan      | Killed Mennas
 82354 | Pan      | Reached skill level 15 in Evocations
 82514 | Pan      | Noticed Siclavekk the pandemonium lord
 82530 | Pan      | Killed Siclavekk the pandemonium lord
 82750 | Pan      | Noticed Lael the pandemonium lord
 82767 | Pan      | Killed Lael the pandemonium lord
 83041 | Pan      | Noticed Loyll the pandemonium lord
 83082 | Pan      | Lost mutation: You are agile. (Dex +4, Str/Int -1) [a
                  | cacodemon]
 83216 | Pan      | Noticed Jaen the pandemonium lord
 83254 | Pan      | Killed Jaen the pandemonium lord
 83296 | Pan      | Entered the realm of Mnoleg.
 83339 | Pan      | Gained mutation: You are occasionally teleported next to
                  | monsters. [a neqoxec]
 83453 | Pan      | Noticed Mnoleg
 83468 | Pan      | Killed Mnoleg
 83714 | Pan      | Identified the orb "Nabas" {light, rC+ Tloc}
 83718 | Pan      | Gained mutation: You are vulnerable to heat. (rF-) [a
                  | neqoxec]
 83901 | Pan      | Gained mutation: Your muscles are strong. (Str +4, Int/Dex
                  | -1) [a cacodemon]
 84003 | Pan      | Found an exit through the horrors of the Abyss.
 84154 | Pan      | Got a glowing rune of Zot
 84314 | Pan      | Took an exit into the Abyss.
 84314 | Abyss:4  | Escaped into the Abyss
 84336 | Abyss:4  | Found a corrupted altar of Lugonu.
 84731 | Depths:2 | Escaped the Abyss
 84756 | Depths:2 | Lost mutation: You are vulnerable to heat. (rF-) [potion of
                  | mutation]
 84756 | Depths:2 | Lost mutation: You are occasionally teleported next to
                  | monsters. [potion of mutation]
 84778 | Hell     | Entered the Vestibule of Hell
 84778 | Hell     | Noticed Geryon
 84791 | Hell     | Killed Geryon
 84926 | Hell     | Found a gateway to the freezing wastes of Cocytus.
 85113 | Hell     | Found a gateway to the Iron City of Dis.
 85188 | Hell     | Found a gateway to the ashen valley of Gehenna.
 85290 | Hell     | Found a gateway to the decaying netherworld of Tartarus.
 85538 | Tar:1    | Entered Level 1 of Tartarus
 86803 | Tar:5    | Reached skill level 27 in Dodging
 87498 | Tar:7    | Entered Level 7 of Tartarus
 88927 | Tar:7    | Noticed the Serpent of Hell
 88944 | Tar:7    | Killed the Serpent of Hell
 88979 | Tar:7    | Noticed Ereshkigal
 89862 | Tar:7    | Identified the ring "Umu Ag Qou" {rN+ SInv}
 89953 | Tar:7    | Killed Ereshkigal
 90056 | Tar:7    | Got a bone rune of Zot
 90064 | Tar:7    | Got the Codex of Violence and Enchantment
 90219 | Tar:7    | Identified the +1 longbow of Ru's Esteem {heavy, rN+
                  | Stlth+}
 90220 | Tar:7    | Identified the ring "Addik" {rElec rF+ Will+ Dex+3}
 90710 | Dis:1    | Entered Level 1 of the Iron City of Dis
 90905 | Dis:1    | Noticed a dread lich
 90913 | Dis:1    | Killed a dread lich
 90938 | Dis:1    | Noticed a dread lich
 90942 | Dis:1    | Noticed a dread lich
 90945 | Dis:1    | Noticed an ancient lich
 90950 | Dis:1    | Killed a dread lich
 90950 | Dis:1    | Killed an ancient lich
 90950 | Dis:1    | Noticed an ancient lich
 90955 | Dis:1    | Killed a dread lich
 90961 | Dis:1    | Killed an ancient lich
 90962 | Dis:1    | Reached skill level 27 in Invocations
 90963 | Dis:1    | Noticed an ancient lich
 90974 | Dis:1    | Killed an ancient lich
 91610 | Dis:4    | HP: 12/273 [iron golem[an iron giant] (21)]
 91611 | Dis:4    | Mangled by an iron golem

Illustrated notes

Levels and vault maps discovered:
D:1:      dpeg_arrival_rooms_c, layout_basic,
          dreamdust_ecumenical_altar_drowned_temple,
          nicolae_kite_square_tiling_tiny, minmay_tromino_mix6
D:2:      layout_rooms, uniq_crazy_yiuf_cottage
D:3:      layout_loops_corners, minmay_overflow_temple_star_quad
D:4:      layout_basic, good_gods_temple_1,
          mainiacjoe_sewer_entry_somewhere_in_here_1, uniq_natasha
D:5:      layout_rooms, grunt_qazlal_sundering, marbit_many_paths,
          kennysheep_windowed_goal, uniq_edmund
D:6:      layout_gridville, minmay_temple_entry_glass, nicolae_lava_and_water,
          glass_columns_a, uniq_prince_ribbit1
D:7:      layout_loops_corners, amcnicky_altar_gilded,
          nemelex_spade_bored_becter, serial_glass, glass_columns_b,
          glass_columns_c, serial_library_hellmonk_u_bend,
          serial_library_hellmonk_room_a, chequers_serial_rivers_micro_a,
          st_stairs_11, dreamdust_gnoll_farm, uniq_jeremiah
D:8:      layout_loops_corners, mainiacjoe_overflow_24_doors
D:9:      layout_basic, enter_bailey_1, minivault_8
D:10:     layout_basic, mainiacjoe_overflow_alcove_2,
          mainiacjoe_overflow_small_starburst, gammafunk_temple_overflow_arena,
          kennysheep_little_box, dpeg_oklobed_lair
D:11:     layout_basic, kennysheep_potato, uniq_psyche, uniq_amaemon
D:12:     layout_rooms, david_orc_5, ebering_ghost_funeral_grove,
          minmay_microvault
D:13:     layout_gridville, david_vaults_4, serial_shops, shop, uniq_azrael,
          uniq_nessos, uniq_rupert
D:14:     layout_cave_pools
D:15:     gammafunk_enter_depths_forms, layout_cave_pods,
          nicolae_wu_jian_wuxing_cycle, gammafunk_ghost_crypt, fedhas_altar_3
Lair:1:   layout_layer_cave, grunt_forest_large_clearings, uniq_sonja
Lair:2:   layout_hall_layers, mainiacjoe_swamp_entry_lozenge_pond,
          spider_nest_entry_web_field, basic_altar, lemuel_fruit_fields,
          grunt_megastairs_1, serial_bayou_shore_a, uniq_erica
Lair:3:   layout_roguey
Lair:4:   layout_cave_pods, slime_entry_1, serial_bayou_pond_e
Lair:5:   guppyfry_lair_end_dragon, layout_gridlike, hangedman_lair_in_review,
          chequers_serial_rivers_small_b, chequers_serial_rivers_room_a
Swamp:1:  layout_basic_swamp, nicolae_swamp_decorative_isthmus
Swamp:2:  layout_basic_swamp, evilmike_swamp_ruin_house_5
Swamp:3:  layout_falls_marsh, evilmike_swamp_ruin_house_6, uniq_roxanne
Swamp:4:  swamp_pestilence, layout_basic_swamp, swamp_pool_4
Spider:1: layout_spider_delve, uniq_nikola
Spider:2: layout_spider_delve, nicolae_spider_altar_of_dancing
Spider:3: layout_spider_delve, nicolae_spider_undead_wolf_pack, uniq_arachne
Spider:4: spider_rune_water
Slime:1:  layout_caves, nicolae_slime_barrier
Slime:2:  layout_caves
Slime:3:  layout_caves
Slime:4:  layout_caves
Slime:5:  slime_pit_nicolae_trefoil
Orc:1:    layout_caves, serial_shops, nicolae_square_shop,
          nicolae_orc_found_a_spring, nicolae_shop_vocational, uniq_nergalle
Orc:2:    pf_orc_diabolical, layout_caves, uniq_snorg, uniq_donald,
          uniq_saint_roka, uniq_jorgrun
Elf:1:    layout_gridlike, minmay_elf_demonology, grunt_megastairs_5
Elf:2:    nicolae_elf_blades_splatter_lattice [nicolae_blade_bullseye],
          layout_loops_corners, serial_shops, shop,
          portal_ice_cave_entry_ugly_swarm, roderic_roman_lattice, st_stairs_8
Elf:3:    minmay_elf_hall_hex, layout_geoelf_diagonals, serial_shops, shop
Vaults:1: nicolae_vaults_doubleplus_tesselated,
          nicolae_vaults_antechamber_and_loot_room, v_misc_2,
          nicolae_vaults_border_crossing, grunt_vaults_funnel,
          nicolae_vaults_rhombus_7, nicolae_vaults_more_shelving_2,
          nicolae_vaults_alarming, ontoclasm_vaults_bender,
          nicolae_vaults_trapezoid_3, nicolae_vaults_tetromino_T_2,
          nicolae_vaults_little_ls, ontoclasm_vaults_ring_large,
          layout_vaults_omnibox
Vaults:2: v_misc_12, nicolae_vaults_network_quincunx
          [nicolae_vaults_network_quincunx_subvault,
          nicolae_vaults_network_quincunx_subvault,
          nicolae_vaults_network_quincunx_subvault,
          nicolae_vaults_network_quincunx_subvault,
          nicolae_vaults_network_quincunx_subvault],
          nicolae_vaults_frosty_reception, nicolae_vaults_octagons,
          ontoclasm_vaults_hangar, hangedman_vaults_corner,
          vaults_room_semicircle, nicolae_vaults_trapezoid_4,
          nicolae_vaults_closet_pinwheel_3, minmay_crypt_entry_simple_box,
          nicolae_vaults_house_1, layout_vaults_omnicross
Vaults:3: nicolae_vaults_double_plus_3, st_eye, nicolae_vaults_house_3,
          v_misc_5, hangedman_vaults_restitches, v_misc_10,
          hangedman_vaults_slice, vaults_dpeg_encased_lava,
          ontoclasm_vaults_spin, vaults_mumra_hex, layout_vaults_chaotic_city,
          uniq_xtahua
Vaults:4: nicolae_vaults_steering_wheel, nicolae_vaults_trapezoid_layered,
          nicolae_vaults_tetromino_Z_2, nicolae_vaults_trapezoid_lopsided_1,
          nicolae_vaults_triangles, nicolae_vaults_little_squares_1,
          vaults_room_semicircle, nicolae_vaults_wrenched, vaults_room_corners,
          vaults_room_corners, nicolae_vaults_windows_and_doors_thing,
          v_misc_16, nicolae_vaults_little_squares_5, layout_vaults_maze_snakey,
          uniq_jory
Vaults:5
Crypt:1:  layout_chaotic_city
Crypt:2:  layout_gridlike, uniq_sojobo
Crypt:3:  grunt_crypt_end_deaths_head, uniq_bai_suzhen
Depths:1: layout_roguey, serial_shops, nicolae_square_shop,
          gammafunk_ghost_necromancy, grunt_hell_entry_dis_grunt,
          abyss_entry_flame_altar, nicolae_ru_path_of_blood, st_stairs_7,
          minmay_misc_feat_rows, kiku_gazebo_garden_becter, uniq_enchantress
Depths:2: minmay_tri_stars, layout_honeycomb, enter_ziggurat_b,
          serial_library_hellmonk_hallway_a, rand_demon_pan_entry_8, hell_entry,
          minivault_21, tso_oasis_becter
Depths:3: gold_lair_mu, layout_twisted_cross, hell_entry,
          nzn_hepliaklqana_mist_gate, minmay_room_of_horrors,
          minmay_large_rounded_square, uniq_vv, uniq_boris, uniq_norris
Depths:4: evilmike_zot_entry_basic, layout_cave_pools, serial_shops,
          nicolae_shop_bloodbath_and_beyond, hangedman_decor_diamond_cutter,
          grunt_mini_vestibule, serial_sigils, serial_sigils_hangedman_scar,
          serial_sigils_hangedman_gut, serial_sigils_hangedman_stare,
          serial_sigils_hangedman_snap, serial_sigils_hangedman_gut,
          nicolae_shop_clearance
Hell
Dis:1:    layout_subdivisions, nicolae_hells_leichenhalle
Dis:2:    layout_jigsaw
Dis:3:    layout_subdivisions
Dis:4:    hangedman_dis_monolith, layout_regular_city
Tar:1:    layout_grid_maze, nicolae_tar_honey_chapel
Tar:2:    layout_grid_maze
Tar:3:    layout_catacombs
Tar:4:    layout_grid_maze, nicolae_tar_combstack
Tar:5:    layout_catacombs
Tar:6:    layout_grid_maze, lemuel_nasty_fountain
Tar:7:    tar_minmay_river
Zot:1:    regret_index_infernal_bastille, layout_misc_corridors
Zot:2:    layout_basic, hangedman_zot_gyre, hellmonk_formless_pools
Zot:3:    grunt_twist_and_shout, layout_cathedral_of_symmetry, zot_minivault_3
Zot:4:    grunt_zot_stairs_mandelzot, layout_concentric_octagons,
          regret_index_zotdec_magical_s
Zot:5:    layout_gridlike

Skill      XL: |  1  2  3  4  5  6  7  8  9 10 11 12 13 14 15 16 17 18 19 20 21 22 23 24 25 26 27 |
---------------+----------------------------------------------------------------------------------+-----
Axes           | 3 4 5 6 7 9 11 13 15 16 18 19 20 22 23 25 26 27 | 27.0
Fighting       | 4 5 6 7 8 9 12 14 17 19 20 22 23 25 26 27 | 27.0
Armour         | 4 5 6 7 8 9 11 12 14 15 16 17 18 19 20 21 23 26 27 | 27.0
Invocations    | 1 2 3 4 6 7 8 9 10 11 12 27 | 27.0
Shields        | 4 10 15 17 19 20 22 | 22.6
Throwing       | 1 9 16 21 25 27 | 27.0
Dodging        | 27 | 27.0
Evocations     | 16 | 16.2

Action                     |  1- 3 |  4- 6 |  7- 9 | 10-12 | 13-15 | 16-18 | 19-21 | 22-24 | 25-27 || total
---------------------------+-------+-------+-------+-------+-------+-------+-------+-------+-------++-------
  Melee: War axe           |   109 |   140 |   190 |       |     3 |       |       |       |       ||   442
         Headbutt          |    13 |    19 |    45 |   100 |   236 |   445 |   341 |   383 |  1407 ||  2989
         Trident           |       |       |    53 |   543 |       |       |       |       |       ||   596
         Unarmed           |       |       |       |     2 |       |       |       |       |       ||     2
         Broad axe         |       |       |       |    76 |   871 |  1538 |  1032 |  1268 |  4311 ||  9096
         Scimitar          |       |       |       |       |    10 |       |       |       |       ||    10
  Throw: Dart              |       |     4 |     7 |    16 |    16 |     3 |       |       |       ||    46
         Boomerang         |       |    12 |     4 |     6 |       |       |       |     2 |       ||    24
         Throwing net      |       |       |       |     1 |       |       |       |       |       ||     1
         Javelin           |       |       |       |       |       |       |       |     2 |   128 ||   130
 Invoke: Heroism           |       |       |     2 |     7 |    20 |    17 |    19 |    22 |    39 ||   126
         Finesse           |       |       |       |     2 |     2 |     6 |     7 |     7 |    15 ||    39
         Duel              |       |       |       |     1 |     1 |     1 |       |     2 |       ||     5
         Receive Weapon    |       |       |       |     1 |       |       |       |       |       ||     1
         Receive Armour    |       |       |       |     1 |       |       |       |       |       ||     1
         Cleansing Flame   |       |       |       |       |       |       |       |       |   134 ||   134
         Divine Shield     |       |       |       |       |       |       |       |       |    25 ||    25
         Summon Divine War |       |       |       |       |       |       |       |       |    13 ||    13
         Brand Weapon With |       |       |       |       |       |       |       |       |     1 ||     1
  Evoke: Wand              |       |       |       |       |     2 |     2 |       |     1 |     5 ||    10
    Use: Scroll            |       |       |       |    23 |     9 |     7 |    16 |    16 |    51 ||   122
         Potion            |       |       |       |     2 |     2 |     5 |     4 |    13 |    37 ||    63
   Stab: Distracted        |       |       |       |       |       |       |    19 |    33 |    38 ||    90
 Armour: Scale mail        |    80 |   121 |       |       |       |       |       |       |       ||   201
         Plate armour      |       |       |   183 |   123 |       |       |       |       |       ||   306
         Chain mail        |       |       |       |   247 |   849 |  1613 |   698 |       |       ||  3407
         Gold dragon scale |       |       |       |       |       |       |   102 |  1083 |  2892 ||  4077
         Skin              |       |       |       |       |       |       |       |       |    64 ||    64
  Dodge: Dodged            |    54 |    84 |    69 |   156 |   354 |   593 |   186 |   196 |   946 ||  2638
  Block: Buckler           |    23 |    34 |    33 |    89 |   172 |   308 |    47 |       |       ||   706
         Tower shield      |       |       |       |       |       |       |   316 |       |  3151 ||  3467
         Kite shield       |       |       |       |       |       |       |    12 |   669 |   501 ||  1182
         Reflection        |       |       |       |       |       |       |       |       |    27 ||    27

Table legend: (Time is in decaauts)
 A = Elapsed time spent in this place.
 B = Non-inter-level travel time spent in this place.
 C = Inter-level travel time spent in this place.
 D = Time resting spent in this place.
 E = Time spent auto-exploring this place.
 F = Levels seen in this place.
 G = Mean time per level.
                   A        B        C        D        E       F      G
               +--------+--------+--------+--------+--------+-----+--------+
         Total |  89580 |  78722 |  10858 |   8546 |  49034 |  96 |  933.1 |
       Dungeon |  20938 |  16016 |   4922 |   1074 |  11744 |  15 | 1395.9 |
          Lair |   5746 |   4780 |    966 |    126 |   3917 |   5 | 1149.2 |
         Swamp |   3682 |   3580 |    102 |    725 |   1897 |   4 |  920.5 |
   Spider Nest |   4387 |   4103 |    284 |    453 |   2393 |   4 | 1096.8 |
    Slime Pits |   3277 |   3006 |    271 |      0 |   1589 |   5 |  655.4 |
  Orcish Mines |   2107 |   1783 |    324 |    235 |   1078 |   2 | 1053.5 |
   Elven Halls |   4223 |   3661 |    562 |    383 |   2369 |   3 | 1407.7 |
        Vaults |  10178 |   8824 |   1354 |   1066 |   5606 |   5 | 2035.6 |
         Crypt |   2623 |   2405 |    218 |    103 |   1706 |   3 |  874.3 |
        Depths |   5913 |   4839 |   1074 |    548 |   3280 |   4 | 1478.2 |
          Hell |    622 |    511 |    111 |      0 |    308 |   1 |  622.0 |
           Dis |    845 |    820 |     25 |     64 |    467 |   4 |  211.2 |
      Tartarus |   5191 |   4913 |    278 |    809 |   2919 |   7 |  741.6 |
           Zot |   8551 |   8190 |    361 |   1899 |   4268 |   5 | 1710.2 |
         Abyss |   2750 |   2750 |      0 |    299 |    987 |   5 |  550.0 |
   Pandemonium |   7095 |   7095 |      0 |    732 |   3633 |  16 |  443.4 |
         Sewer |    340 |    340 |      0 |      0 |    232 |   1 |  340.0 |
        Bailey |    790 |    790 |      0 |      4 |    514 |   1 |  790.0 |
      Ice Cave |    244 |    244 |      0 |      6 |    122 |   1 |  244.0 |
         Arena |     69 |     69 |      0 |     18 |      0 |   5 |   13.8 |
               +--------+--------+--------+--------+--------+-----+--------+

Top non-repeatable levels by time:
   Tar:7: 3233 daAuts
Vaults:5: 2688 daAuts
Vaults:2: 2555 daAuts
    D:15: 2452 daAuts
    D:10: 2040 daAuts
   Zot:3: 2004 daAuts
Vaults:1: 1983 daAuts
   Zot:5: 1893 daAuts
   Zot:2: 1870 daAuts
Vaults:3: 1803 daAuts
  Lair:1: 1710 daAuts
     D:7: 1647 daAuts
    D:12: 1608 daAuts
   Elf:2: 1599 daAuts
   Elf:3: 1595 daAuts
